Workbook
Name __xlfn_IFERROR: #N/A
Name __xlfn_SUMIFS: #N/A
Name ATIVOSouJOVEM: '[1]DADOS (OCULTAR)'!$Y$4:$Y$5
Name CATDESP6: '[1]DADOS (OCULTAR)'!$B$3:$B$180
Name CLASSIF: '[1]DADOS (OCULTAR)'!#REF!
Name Classificação: '[1]DADOS (OCULTAR)'!$F$4:$F$5
Name COMPET: '[1]DADOS (OCULTAR)'!$D$4:$D$75
Name DIVISÃO: '[1]DADOS (OCULTAR)'!$U$3:$U$4
Name Excel_BuiltIn__FilterDatabase: 'CONTÁBIL- FINANCEIRA '!$B$28:$G$274
Name Excel_BuiltIn_Print_Area_8: #REF!
Name Excel_BuiltIn_Print_Area_8: #REF!
Name Excel_BuiltIn_Print_Area_9: #REF!
Name Excel_BuiltIn_Print_Area_9: #REF!
Name MESES: '[1]DADOS (OCULTAR)'!$Z$4:$Z$15
Name NÃO: 'CONTÁBIL- FINANCEIRA '!$G$6
Name Print_Area_0: 'CONTÁBIL- FINANCEIRA '!$C$1:$G$285
Name Print_Area_0_0: 'CONTÁBIL- FINANCEIRA '!$C$1:$G$285
Name Print_Area_0_0_0: 'CONTÁBIL- FINANCEIRA '!$C$1:$G$285
Name Print_Area_0_0_0_0: 'CONTÁBIL- FINANCEIRA '!$C$1:$G$285
Name Print_Area_0_0_0_0_0: 'CONTÁBIL- FINANCEIRA '!$C$1:$G$285
Name RELDESPPG: '[1]DADOS (OCULTAR)'!$AK$3:$AK$188

Sheet CONTÁBIL- FINANCEIRA 
D1: PREFEITURA DA CIDADE DO RECIFE | F1: Janeiro/2020 - Versão 4.0
D2: SECRETARIA DE SAÚDE DO MUNICÍPIO DE RECIFE | F2: MÊS/ANO COMPETÊNCIA | G2: ANO CONTRATO
D3: SECRETARIA DE ADMINISTRAÇÃO E FINANÇAS
D4: GERÊNCIA GERAL DE ADMINISTRAÇÃO, FINANÇAS, CONVÊNIOS E CONTRATOS | F4: ABRIL 2020 | G4: 3 | BB4: Vínculos
D5: DEMONSTRATIVO DE RESULTADO CONTÁBIL - FINANCEIRO MENSAL | BB5: Pessoal
C6: UNIDADE (acessar lista suspensa) | E6: RESPONSÁVEL PELA UNIDADE | F6: ISENTO PIS:
C7: HOSPITAL DA MULHER DO RECIFE | F7: CNPJ | G7: =IFERROR(VLOOKUP($C$7,'[1]DADOS (OCULTAR)'!$P$3:$R$39,3,0),"")
F8: OSS - GESTORA
C9: DESCRIÇÃO | F9: Data Início CG | G9: =IFERROR(VLOOKUP(C7,'[1]DADOS (OCULTAR)'!P3:S39,4,0),"")
C10: RECEITAS OPERACIONAIS | F10: VALOR
C11: Repasse Contrato de Gestão (Fixo+Variável) | F11: =4067553.53+2347952.06 -> 6415505.6
C12: Repasse Contrato de Gestão (Odontologia)
C13: Repasse Contrato de Gestão ENSINO E PESQUISA
C14: Plano de Investimento Autorizado pela Contratante
C15: Repasse Programas Especiais
C16: ( - ) Desconto
C17: TOTAL DE REPASSES | F17: =SUM(F11:G15)-F16 -> 6415505.6
C18: Rendimento de Aplicações Financeiras | F18: 534.68
C19: Rendimento de Aplicações Financeiras do Recurso de Plano de Investimento Autorizado pela Contratante
C20: Reembolso de Despesas
C21: Obtenção de Recursos Externos
C22: Demais Receitas (Convênios)
C23: Outras Receitas
C24: TOTAL OUTRAS RECEITAS | F24: =SUM(F18:G23) -> 534.68
C25: TOTAL DE REPASSES/RECEITAS | F25: =F24+F17 -> 6416040.3
C27: DESPESAS OPERACIONAIS | F27: VALOR
C28: 1. Pessoal | F28: =F29+SUM(F35:F38) -> 5909602.6
C29: 1.1. Ordenados (Não inclui férias, 13º e Rescisão) | F29: =F30+F33+F34 -> 5151344.5
C30: 1.1.1. Assistência Médica | F30: =F31+F32 -> 4322738.2
A31: 1 - Médico | B31: 1.1 | C31: 1.1.1.1. Médicos | F31: ='[1]TCE - ANEXO II - Preencher'!X1 -> 2761895.5 | H31: Informação retirada do Anexo II - Preencher
A32: 2 - Outros Profissionais da Saúde | B32: 1.1 | C32: 1.1.1.2. Outros profissionais de saúde | F32: ='[1]TCE - ANEXO II - Preencher'!X2 -> 1560842.7 | H32: Informação retirada do Anexo II - Preencher
A33: 4 - Assistência Odontológica | B33: 1.1 | C33: 1.1.2. Assistência Odontológica | F33: ='[1]TCE - ANEXO II - Preencher'!X4 -> 0 | H33: Informação retirada do Anexo II - Preencher
A34: 3 - Administrativo | B34: 1.1 | C34: 1.1.3. Administrativo | F34: ='[1]TCE - ANEXO II - Preencher'!X3 -> 828606.25 | H34: Informação retirada do Anexo II - Preencher
A35: 2 - FGTS | B35: 1.2 | C35: 1.2. FGTS | F35: ='[1]MEM.CÁLC.FP.'!$D$117 -> 413188.22 | H35: Informação retirada da MEM.CÁLC.FP.
A36: 1 - PIS | B36: 1.2 | C36: 1.3. PIS | F36: =IF(G6="SIM","",'[1]MEM.CÁLC.FP.'!$D$118) -> 51686.88 | H36: Informação retirada da MEM.CÁLC.FP.
A37: 1.99 - Outras Depesas com Pessoal | B37: 1.99 | C37: 1.4. Benefícios | F37: ='[1]MEM.CÁLC.FP.'!$C$121 -> 74353.81 | H37: Informação retirada da MEM.CÁLC.FP.
C38: 1.5. Despesas com Provisões (Férias + 13º + Rescisões) | F38: =F39+F43+F47 -> 219029.26
C39: 1.5.1. Total Férias | F39: =SUM(F40:G42) -> 148758.69
C40: 1.5.1.2. Proventos Férias | F40: =SUM('[1]MEM.CÁLC.FP.'!D6:D7) -> 136475.86 | H40: Informação retirada da MEM.CÁLC.FP.
A41: 2 - FGTS | B41: 1.2 | C41: 1.5.1.2. FGTS s/ Férias | F41: =SUM('[1]MEM.CÁLC.FP.'!F6:F7) -> 10918.069 | H41: Informação retirada da MEM.CÁLC.FP.
A42: 1 - PIS | B42: 1.2 | C42: 1.5.1.3. PIS s/ Férias | F42: =IF(G6="SIM","",SUM('[1]MEM.CÁLC.FP.'!G6:G7)) -> 1364.7586 | H42: Informação retirada da MEM.CÁLC.FP.
C43: 1.5.2. Total 13º Salário | F43: =SUM(F44:G46) -> 0
C44: 1.5.2.1. Proventos 13º Salário | F44: =SUM('[1]MEM.CÁLC.FP.'!D9:D10) -> 0 | H44: Informação retirada da MEM.CÁLC.FP.
A45: 2 - FGTS | B45: 1.2 | C45: 1.5.2.2. FGTS s/ 13º Salário | F45: =SUM('[1]MEM.CÁLC.FP.'!F9:F10) -> 0 | H45: Informação retirada da MEM.CÁLC.FP.
A46: 1 - PIS | B46: 1.2 | C46: 1.5.2.3. PIS s/ 13º Salário | F46: =IF(G6="SIM","",SUM('[1]MEM.CÁLC.FP.'!G9:G10)) -> 0 | H46: Informação retirada da MEM.CÁLC.FP.
C47: 1.5.3. Rescisões | F47: =SUM(F48:G51) -> 70270.57
C48: 1.5.3.1. Proventos Rescisões | F48: ='[1]MEM.CÁLC.FP.'!D12+'[1]MEM.CÁLC.FP.'!D14-'[1]MEM.CÁLC.FP.'!D13-'[1]MEM.CÁLC.FP.'!D15 -> 63653.95 | H48: Informação retirada da MEM.CÁLC.FP.
A49: 2 - FGTS | B49: 1.2 | C49: 1.5.3.2. FGTS s/ Rescisões | F49: =SUM('[1]MEM.CÁLC.FP.'!F12:F15) -> 5625.36 | H49: Informação retirada da MEM.CÁLC.FP.
A50: 1 - PIS | B50: 1.2 | C50: 1.5.3.3. PIS s/ Rescisões | F50: =IF(G6="SIM","",SUM('[1]MEM.CÁLC.FP.'!G12:G15)) -> 733.12 | H50: Informação retirada da MEM.CÁLC.FP.
A51: 2 - FGTS | B51: 1.2 | C51: 1.5.3.4. GRFF s/ Rescisões | F51: =SUM('[1]MEM.CÁLC.FP.'!H12:H15) -> 258.14 | H51: Informação retirada da MEM.CÁLC.FP.
C52: 2. Insumos Assistenciais | F52: =SUM(F53:G60) -> 763852.02
A53: 2.1. Materiais Descartáveis/Materiais de Penso | B53: 3.12 | C53: 2.1. Materiais Descartáveis/Materiais de Penso | F53: 369103.74 | H53: Informação retirada da memória de cálculo do estoque
A54: 2.2. Medicamentos | B54: 3.4 | C54: 2.2. Medicamentos | F54: 343029.14 | H54: Informação retirada da memória de cálculo do estoque
A55: 2.3. Dietas Industrializadas | B55: 3.3 | C55: 2.3. Dietas Industrializadas | F55: 17062.3 | H55: Informação retirada da memória de cálculo do estoque
A56: 2.4. Gases Medicinais | B56: 3.2 | C56: 2.4. Gases Medicinais | F56: 13920.18 | H56: Informação retirada da memória de cálculo do estoque
A57: 2.5. OPME (Orteses, Próteses e Materiais Especiais) | B57: 3.13 | C57: 2.5. OPME (Orteses, Próteses e Materiais Especiais) | F57: 0 | H57: Informação retirada da memória de cálculo do estoque
A58: 2.6. Material de uso odontológico | B58: 3.5 | C58: 2.6. Material de uso odontológico | F58: 0 | H58: Informação retirada da memória de cálculo do estoque
A59: 2.7. Material laboratorial | B59: 3.11 | C59: 2.7. Material laboratorial | F59: 0 | H59: Informação retirada da memória de cálculo do estoque
A60: 2.8. Outras Despesas com Insumos Assistenciais | B60: 3.99 | C60: 2.8. Outras Despesas com Insumos Assistenciais | F60: 20736.66 | H60: Informação retirada da memória de cálculo do estoque
C61: 3. Materiais/Consumos Diversos | F61: =SUM(F62:G66)+F67+F76+F77 -> 293011.52
A62: 3.1. Material de Higienização e Limpeza | B62: 3.7 | C62: 3.1. Material de Higienização e Limpeza | F62: 15722.75 | H62: Informação retirada da memória de cálculo do estoque
A63: 3.2. Material/Gêneros Alimentícios | B63: 3.3 | C63: 3.2. Material/Gêneros Alimentícios | F63: 181204.48 | H63: Informação retirada da memória de cálculo do estoque
A64: 3.3. Material Expediente | B64: 3.6 | C64: 3.3. Material Expediente | F64: 11476 | H64: Informação retirada da memória de cálculo do estoque
A65: 3.4. Combustível | B65: 3.1 | C65: 3.4. Combustível | F65: 8604.69 | H65: Informação retirada da memória de cálculo do estoque
A66: 3.5. GLP | B66: 3.2 | C66: 3.5. GLP | F66: 0 | H66: Informação retirada da memória de cálculo do estoque
C67: 3.6. Material de Manutenção | F67: =F68+F69 -> 34323.47
A68: 3.6.1. Manutenção de Bem Imóvel | B68: 3.9 | C68: 3.6.1. Manutenção de Bem Imóvel | F68: 34323.47 | H68: Informação retirada da memória de cálculo do estoque
C69: 3.6.2. Manutenção de Bem Móvel | F69: =F70+F71+F74+F75 -> 0
A70: 3.6.2.1. Equipamentos de Informática | B70: 3.10 | C70: 3.6.2.1. Suprimentos de Informática | H70: Informação retirada da memória de cálculo do estoque
C71: 3.6.2.2. Manutenção de Veículos | F71: =SUM(F72:G73) -> 0
A72: 3.6.2.2.1. Lubrificantes Veiculares | B72: 3.1 | C72: 3.6.2.2.1. Lubrificantes Veiculares | H72: Informação retirada da memória de cálculo do estoque
A73: 3.6.2.2.2. Outros Materiais de Manutenção de Veículos | B73: 3.10 | C73: 3.6.2.2.2. Outros Materiais de Manutenção de Veículos | H73: Informação retirada da memória de cálculo do estoque
A74: 3.6.2.3. Equipamento Médico-Hospitalar | B74: 3.10 | C74: 3.6.2.3. Equipamento Médico-Hospitalar | H74: Informação retirada da memória de cálculo do estoque
A75: 3.6.2.4. Outros materiais de Manutenção de Bem Móvel | B75: 3.99 | C75: 3.6.2.4. Outros Materiais de Manutenção de Bem Móvel | H75: Informação retirada da memória de cálculo do estoque
A76: 3.7. Tecidos, Fardamentos e EPI | B76: 3.8 | C76: 3.7. Tecidos, Fardamentos e EPI | F76: 40900.13 | H76: Informação retirada da memória de cálculo do estoque
A77: 3.8. Outras Despesas com Materiais Diversos | B77: 3.99 | C77: 3.8. Outras Despesas com Materiais Diversos | F77: 780 | H77: Informação retirada da memória de cálculo do estoque
C78: 4. Seguros/Tributos/Despesas Bancárias | F78: =F79+F80+F83 -> 4568.33
A79: 4.1. Seguros (Imóvel e veículos) | B79: 5.21 | C79: 4.1. Seguros (Imóvel e veículos) | F79: =SUMIF('[1]TCE - ANEXO IV - Preencher'!$D$1:$D$65536,'CONTÁBIL- FINANCEIRA '!A79,'[1]TCE - ANEXO IV - Preencher'!$N$1:$N$65536) -> 2363.88 | H79: Informação retirada do Anexo IV - Preencher
C80: 4.2. Tributos (Taxas e Contribuições) | F80: =F81+F82 -> 0
A81: 4.2.1. Taxas | B81: 5.99 | C81: 4.2.1. Taxas | F81: =SUMIF('[1]TCE - ANEXO IV - Preencher'!$D$1:$D$65536,'CONTÁBIL- FINANCEIRA '!A81,'[1]TCE - ANEXO IV - Preencher'!$N$1:$N$65536) -> 0 | H81: Informação retirada do Anexo IV - Preencher
A82: 4.2.2. Contribuições | B82: 5.99 | C82: 4.2.2. Contribuições | F82: =SUMIF('[1]TCE - ANEXO IV - Preencher'!$D$1:$D$65536,'CONTÁBIL- FINANCEIRA '!A82,'[1]TCE - ANEXO IV - Preencher'!$N$1:$N$65536) -> 0 | H82: Informação retirada do Anexo IV - Preencher
C83: 4.3. Despesas Bancárias (Taxa de Manutenção/Tarifas) | F83: =F84+F85 -> 2204.45
A84: 4.3.1. Taxa de Manutenção de Conta | B84: 5.25 | C84: 4.3.1. Taxa de Manutenção de Conta | F84: =SUMIF('[1]TCE - ANEXO IV - Preencher'!$D$1:$D$65536,'CONTÁBIL- FINANCEIRA '!A84,'[1]TCE - ANEXO IV - Preencher'!$N$1:$N$65536) -> 510 | H84: Informação retirada do Anexo IV - Preencher
A85: 4.3.2. Tarifas | B85: 5.25 | C85: 4.3.2. Tarifas | F85: =SUMIF('[1]TCE - ANEXO IV - Preencher'!$D$1:$D$65536,'CONTÁBIL- FINANCEIRA '!A85,'[1]TCE - ANEXO IV - Preencher'!$N$1:$N$65536) -> 1694.45 | H85: Informação retirada do Anexo IV - Preencher
D87: _____________________________________ | E87: ______/______/_______ | F87: _____________________________________
D88: RECEBIMENTO (DATA e ASSINATURA) | E88: DATA | F88: ASSINATURA RESPONSÁVEL PELA UNIDADE
D89: =D1 -> PREFEITURA DA CIDADE DO RECIFE | F89: =F1 -> Janeiro/2020 - Versão 4.0
D90: =D2 -> SECRETARIA DE SAÚDE DO MUNICÍPIO DE RECIFE | F90: =F2 -> MÊS/ANO COMPETÊNCIA | G90: =G2 -> ANO CONTRATO
D91: =D3 -> SECRETARIA DE ADMINISTRAÇÃO E FINANÇAS
D92: =D4 -> GERÊNCIA GERAL DE ADMINISTRAÇÃO, FINANÇAS, CONVÊNIOS E CONTRATOS | F92: =$F$4 -> ABRIL 2020 | G92: =IF(G4=0,"",G4) -> 3
D93: =D5 -> DEMONSTRATIVO DE RESULTADO CONTÁBIL - FINANCEIRO MENSAL
C94: UNIDADE | E94: RESPONSÁVEL PELA UNIDADE
C95: =IF(C7=0,"",C7) -> HOSPITAL DA MULHER DO RECIFE | E95: =IF(E7=0,"",E7)
C96: DESPESAS OPERACIONAIS (continuação) | F96: VALOR
C97: 5. Gerais | F97: =F98+F101+F102+F103+F110+F108+F109 -> 274470.55
C98: 5.1. Telefonia/Internet | F98: =SUM(F99:G100) -> 6374.23
A99: 5.1.1. Telefonia Móvel | B99: 5.9 | C99: 5.1.1. Telefonia Móvel | F99: =SUMIF('[1]TCE - ANEXO IV - Preencher'!$D$1:$D$65536,'CONTÁBIL- FINANCEIRA '!A99,'[1]TCE - ANEXO IV - Preencher'!$N$1:$N$65536) -> 1561.56 | H99: Informação retirada do Anexo IV - Preencher
A100: 5.1.2. Telefonia Fixa/Internet | B100: 5.18 | C100: 5.1.2. Telefonia Fixa/Internet | F100: =SUMIF('[1]TCE - ANEXO IV - Preencher'!$D$1:$D$65536,'CONTÁBIL- FINANCEIRA '!A100,'[1]TCE - ANEXO IV - Preencher'!$N$1:$N$65536) -> 4812.67 | H100: Informação retirada do Anexo IV - Preencher
A101: 5.2. Água | B101: 5.13 | C101: 5.2. Água | F101: =SUMIF('[1]TCE - ANEXO IV - Preencher'!$D$1:$D$65536,'CONTÁBIL- FINANCEIRA '!A101,'[1]TCE - ANEXO IV - Preencher'!$N$1:$N$65536) -> 30341.47 | H101: Informação retirada do Anexo IV - Preencher
A102: 5.3. Energia Elétrica | B102: 5.12 | C102: 5.3. Energia Elétrica | F102: =SUMIF('[1]TCE - ANEXO IV - Preencher'!$D$1:$D$65536,'CONTÁBIL- FINANCEIRA '!A102,'[1]TCE - ANEXO IV - Preencher'!$N$1:$N$65536) -> 180967.42 | H102: Informação retirada do Anexo IV - Preencher
...
